AoeStats
← 1250516120

Arena

510479702Analyzed
4v4 RM · 17h ago on Oct 1, 2026· 45m 42s· 8 players
Game mode
Random Map
Map size
Large (8 player)
Population
200
Speed
Normal
Resources
Standard
Victory
Conquest
Starting age
Dark Age
Ending age
Imperial Age
RankedLock teamsTeams togetherTeam positionsShared explorationLock speedFull tech treeHidden civsTurbo modeCheats
Victory
Defeat
🇯🇵 Lithuanians · Japan
801
+15
🇺🇸 Persians · United States
758
+17
🇨🇳 Bengalis · China
757
+17
🇨🇳 Portuguese · China
715
+18
🇲🇽 Khmer · Mexico
809
-18
🇵🇪 Danes · Peru
796
-18
🇺🇸 Malians · United States
754
-16
🇪🇸 Bohemians · Spain
733
-15
俺讨厌种田
11:24 Feudal Age
15:19 Castle Age
13:21 Double-Bit Axe
13:18 Horse Collar
16:30 Loom
17:13 Heavy Plow
17:28 Bow Saw
24:55 Wheelbarrow
26:10 Forging
26:02 Padded Archer Armor
26:53 Bloodlines
27:11 Husbandry
30:04 Iron Casting
29:20 Fletching
35:38 Imperial Age
33:25 Hand Cart
33:24 Scale Mail Armor
33:29 Scale Barding Armor
33:24 Scale Mail Armor
33:29 Scale Barding Armor
35:32 Chain Barding Armor
35:08 Bodkin Arrow
35:28 Leather Archer Armor
37:02 Onager
38:15 Elite Elephant Archer
38:54 Elite Battle Elephant
39:37 Light Cavalry
43:39 Blast Furnace
42:54 Chain Mail Armor
43:14 Plate Barding Armor
43:40 Blast Furnace
42:55 Chain Mail Armor
43:15 Plate Barding Armor
42:40 Bracer
43:33 Siege Elephant
RuinMireia
10:54 Feudal Age
14:29 Castle Age
12:18 Double-Bit Axe
13:42 Horse Collar
15:40 Bow Saw
16:23 Heavy Plow
23:01 Wheelbarrow
23:12 Wheelbarrow
27:56 Imperial Age
26:06 Stone Mining
26:07 Gold Mining
26:34 Scale Barding Armor
26:40 Forging
27:30 Chain Barding Armor
27:12 Loom
27:43 Hand Cart
28:47 Iron Casting
28:34 Husbandry
28:45 Bloodlines
28:14 Cavalier
30:01 Plate Barding Armor
30:28 Conscription
31:00 Masonry
31:05 Fortified Wall
31:16 Ballistics
31:59 Paladin
33:42 Architecture
34:54 Fletching
35:04 Padded Archer Armor
34:53 Elite Leitis
35:51 Bodkin Arrow
37:26 Leather Archer Armor
37:12 Bracer
37:47 Elite Skirmisher
38:32 Thumb Ring
38:59 Ring Archer Armor
39:39 Chemistry
39:47 Two-Man Saw
1250516120
0:35 Loom
12:48 Feudal Age
13:15 Double-Bit Axe
13:37 Horse Collar
20:22 Gold Mining
20:27 Stone Mining
23:01 Castle Age
24:04 Bow Saw
24:21 Town Watch
24:37 Light Cavalry
25:28 Bloodlines
27:25 Heavy Plow
30:15 Ballistics
30:06 Masonry
30:07 Fortified Wall
29:38 Treadmill Crane
29:54 Murder Holes
32:51 Stone Shaft Mining
38:24 Imperial Age
37:53 Fletching
38:04 Padded Archer Armor
37:53 Elite Skirmisher
38:47 Thumb Ring
39:43 Architecture
40:14 Chemistry
39:11 Bodkin Arrow
41:14 Siege Engineers
41:49 Crop Rotation
41:26 Bracer
41:41 Leather Archer Armor
42:54 Conscription
42:37 Arquebus
44:00 Coinage
43:40 Guilds
43:44 Circumnavigation
45:01 Bombard Tower
45:12 Onager
DickAss69
1:03 Loom
11:02 Feudal Age
11:24 Horse Collar
11:34 Double-Bit Axe
18:56 Wheelbarrow
21:01 Castle Age
19:53 Stone Mining
20:38 Forging
20:32 Gold Mining
22:04 Bow Saw
21:58 Heavy Plow
22:58 Town Watch
23:19 Padded Archer Armor
24:03 Stone Shaft Mining
24:07 Gold Shaft Mining
23:43 Fletching
24:34 Husbandry
28:31 Crossbowman
30:48 Thumb Ring
31:21 Hand Cart
32:05 Kamandaran
34:04 Iron Casting
33:25 Bodkin Arrow
36:39 Leather Archer Armor
38:58 Imperial Age
38:57 Caravan
38:36 Cavalier
38:37 Light Cavalry
39:29 Bloodlines
39:34 Elite War Elephant
40:35 Conscription
41:41 Blast Furnace
40:26 Hussar
43:55 Ring Archer Armor
45:02 Crop Rotation
45:39 Ballistics
46:21 Chemistry
Zukomazi
12:23 Feudal Age
14:53 Wheelbarrow
14:06 Double-Bit Axe
15:04 Horse Collar
18:46 Castle Age
18:54 Loom
19:45 Heavy Plow
19:59 Bow Saw
28:05 Gold Mining
28:06 Stone Mining
31:51 Imperial Age
29:38 Hand Cart
29:11 Town Watch
30:26 Forging
30:16 Scale Mail Armor
32:19 Iron Casting
32:24 Tigui
33:02 Conscription
32:06 Pikeman
32:47 Squires
33:09 Chain Mail Armor
33:43 Arson
34:38 Plate Mail Armor
37:06 Masonry
Silver
1:14 Loom
10:58 Feudal Age
11:31 Double-Bit Axe
11:39 Horse Collar
12:57 Wheelbarrow
18:01 Castle Age
18:58 Bow Saw
19:16 Heavy Plow
21:26 Stone Mining
23:56 Gold Mining
30:37 Imperial Age
29:11 Gold Shaft Mining
30:28 Stone Shaft Mining
30:31 Ballistics
30:07 Murder Holes
30:38 Husbandry
30:48 Bloodlines
30:34 Arson
30:10 Pikeman
31:22 Double Crossbow
31:44 Conscription
32:31 Crop Rotation
32:42 Forging
32:40 Scale Mail Armor
33:09 Scale Barding Armor
32:48 Halberdier
33:55 Hand Cart
34:58 Iron Casting
34:44 Chain Barding Armor
35:14 Caravan
36:20 Chemistry
35:27 Siege Engineers
35:30 Tusk Swords
35:04 Heavy Scorpion
37:16 Blast Furnace
36:52 Plate Barding Armor
37:43 Elite Ballista Elephant
38:56 Chain Mail Armor
Felix
11:25 Feudal Age
12:45 Wheelbarrow
11:58 Double-Bit Axe
17:53 Gold Mining
18:01 Stone Mining
22:40 Castle Age
20:41 Horse Collar
22:50 Forging
25:00 Bow Saw
26:28 Heavy Plow
32:06 Scale Mail Armor
43:41 Imperial Age
zamuee14
11:42 Feudal Age
17:46 Castle Age
16:15 Double-Bit Axe
17:17 Wheelbarrow
16:29 Loom
23:12 Bow Saw
24:16 Horse Collar
25:57 Caravan
28:09 Hand Cart
32:34 Imperial Age
30:27 Ballistics
31:19 Heavy Plow
33:16 Wagenburg Tactics
34:30 Chemistry
35:06 Two-Man Saw
34:12 Elite Hussite Wagon
36:10 Houfnice
36:11 Heavy Scorpion
41:02 Town Watch
42:14 Pikeman
42:55 Squires
42:41 Arson
43:40 Conscription
43:39 Halberdier
Connection lost

Rejoining the realm…

Still unreachable

The connection could not be restored.

Session expired

The server has moved on; the page needs a fresh start.